 Dungeon Sprint DCSS version 0.29-a0-925-g0a7a3d12f8 (webtiles) character file.

Game seed: 17477802554102475367

4491 rocky1 the Spear-Bearer (level 10, 0/133 HPs)
             Began as a Merfolk Gladiator on July 28, 2022.
             Was a High Priest of Okawaru.
             Succumbed to an orange demon's poison
             ... in the Dungeon (Sprint VII: "The Pits").
             The game lasted 00:04:55 (1866 turns).

rocky1 the Spear-Bearer (Merfolk Gladiator)         Turns: 1866, Time: 00:04:55

Health: 0/133      AC: 26    Str: 18    XL:     10   Next: 38%
Magic:  16/16      EV: 19    Int:  8    God:    Okawaru [*****.]
Gold:   0          SH:  0    Dex: 22    Spells: 9/9 levels left

rFire   + . .      SeeInvis .   u - +2 halberd (protect)
rCold   . . .      Faith    .   (shield currently unavailable)
rNeg    . . .      Spirit   .   r - +4 chain mail {rF+}
rPois   .          Reflect  .   c - +0 helmet
rElec   .          Harm     .   (no cloak)
rCorr   .          Rampage  .   q - +0 pair of gloves
Will    .....      NoTele   +   (no boots)
Stlth   ..........              (no amulet)
HPRegen 0.32/turn               n - +3 ring of dexterity
MPRegen 0.15/turn               p - +3 ring of dexterity

@: berserking, lethally poisoned (0 -> -8), heroic, under a protective aura,
very quick
A: (nimble swimmer 2), mertail
a: Renounce Religion, Heroism, Finesse


You were in the Dungeon.
You worshipped Okawaru.
Okawaru was extremely pleased with you.
You visited 1 branch

Inventory:

Hand Weapons
 o - a +2 vorpal trident
 s - a +2 scimitar of flaming
 t - a +2 morningstar of holy wrath
 u - a +2 halberd of protection (weapon)
Missiles
 d - 2 throwing nets
 e - a javelin (quivered)
Armour
 c - a +0 helmet (worn)
 q - a +0 pair of gloves (worn)
 r - a +4 chain mail of fire resistance (worn)
Jewellery
 n - a +3 ring of dexterity (left hand)
 p - a +3 ring of dexterity (right hand)
Scrolls
 k - a scroll of blinking
 m - 5 scrolls of amnesia
Potions
 f - 7 potions of curing
 g - 16 potions of heal wounds
 h - 2 potions of haste
 i - 4 potions of magic
 j - 3 potions of berserk rage
 l - 2 potions of invisibility


   Skills:
 + Level 11.8(16.8) Fighting
 + Level 11.5(16.5) Long Blades
 + Level 14.0(19.0) Polearms
 - Level 2.0(7.0) Throwing
 + Level 7.9(12.9) Armour
 + Level 14.0(19.0) Dodging
 - Level 8.7 Invocations


You had 9 spell levels left.
You didn't know any spells.
Your spell library was empty.

Dungeon Overview and Level Annotations

Branches:
Dungeon (1/1)

Altars:
Ashenzari
Cheibriados
Dithmenos
Elyvilon
Fedhas
Gozag
Hepliaklqana
Kikubaaqudgha
Makhleb
Nemelex Xobeh
Okawaru
Qazlal
Ru
Sif Muna
Trog
Uskayaw
Vehumet
Wu Jian
Xom
Yredelemnul
Zin
The Shining One
Jiyva
Lugonu


Innate Abilities, Weirdness & Mutations

((You are very nimble when in or above water. (Stealth+, EV+, Speed+++)))
Your lower body shifts to a powerful aquatic tail in water.


Message History

The orange demon stings you but does no damage.
You slice the death knight!!
The death knight is severely wounded.
* * * LOW HITPOINT WARNING * * *
You feel sick.
You slash the death knight!
The death knight is almost dead.
* * * LOW HITPOINT WARNING * * *
You feel sick.
You impale the death knight!!
You kill the death knight!
Okawaru is honoured by your kill.
* * * LOW HITPOINT WARNING * * *
You feel sick.
The orange demon stings you but does no damage.
Your base Polearms skill increases to level 14!
Your base Dodging skill increases to level 14!
Unknown command.
* * * LOW HITPOINT WARNING * * *
You feel sick.
You see here a death yak corpse.
You impale the orange demon!!
The orange demon is heavily wounded.
* * * LOW HITPOINT WARNING * * *
You feel sick.
The orange demon stings you but does no damage.
The orange demon barely misses you.
You impale the orange demon!!
The orange demon is almost dead.
* * * LOW HITPOINT WARNING * * *
You feel sick.
You hit the orange demon.
The orange demon is almost dead.
* * * LOW HITPOINT WARNING * * *
You feel sick. The orange demon closely misses you.
The orange demon completely misses you.
You slash the orange demon!
You kill the orange demon!
Okawaru is honoured by your kill.
You die...

..# 4.# ######### ..#
....##..# p.#
....##..# ..#
....''..# ..#
....''..##########..#
...)##..........@...#
....##..........)...#
#####################


There were no monsters in sight!

Vanquished Creatures
  Josephine (D)
  2 death yaks (D)
  A death knight (D)
  A merfolk siren (D)
  An orange demon (D)
  Prince Ribbit (D)
  4 wraiths (D)
  3 vampire mosquitoes (D)
  A water moccasin (D)
  2 bullfrogs (D)
  A scorpion (D)
  2 wights (D)
  2 crimson imps (D)
  A hound (D)
  2 orc priests (D)
  An iguana (D)
  An orc wizard (D)
  A gnoll (D)
  A river rat (D)
  An ufetubus (D)
  An endoplasm (D)
  A goblin (D)
  A frilled lizard (D)
  A kobold (D)
  2 rats (D)
36 creatures vanquished.

Notes
Turn   | Place    | Note
-------+----------+-------------------------------------------
     0 | D        | rocky1 the Merfolk Gladiator began the quest for the Orb.
     0 | D        | Reached XP level 1. HP: 16/16 MP: 1/1
    22 | D        | Found a bloodstained altar of Trog.
    22 | D        | Found a shimmering blue altar of Sif Muna.
    22 | D        | Found a viscous altar of Jiyva.
    22 | D        | Found a hazy altar of Hepliaklqana.
    22 | D        | Found an opulent altar of Gozag.
    23 | D        | Found a glowing golden altar of the Shining One.
    23 | D        | Found a glowing silver altar of Zin.
    23 | D        | Found a basalt altar of Yredelemnul.
    23 | D        | Found a shimmering altar of Xom.
    23 | D        | Found an ornate altar of the Wu Jian Council.
    23 | D        | Found a sacrificial altar of Ru.
    23 | D        | Found a stormy altar of Qazlal.
    23 | D        | Found an iron altar of Okawaru.
    23 | D        | Found a sparkling altar of Nemelex Xobeh.
    23 | D        | Found a burning altar of Makhleb.
    23 | D        | Found a blossoming altar of Fedhas.
    23 | D        | Found a white marble altar of Elyvilon.
    23 | D        | Found a shadowy altar of Dithmenos.
    23 | D        | Found a snail-covered altar of Cheibriados.
    25 | D        | Found a radiant altar of Vehumet.
    25 | D        | Found a corrupted altar of Lugonu.
    26 | D        | Found a hide-covered altar of Uskayaw.
    26 | D        | Found an ancient bone altar of Kikubaaqudgha.
    26 | D        | Found a broken altar of Ashenzari.
    31 | D        | Became a worshipper of Warmaster Okawaru
    82 | D        | Reached skill level 1 in Armour
    82 | D        | Reached XP level 2. HP: 16/24 MP: 2/2
   182 | D        | Reached skill level 5 in Polearms
   182 | D        | Reached skill level 5 in Dodging
   385 | D        | Reached XP level 3. HP: 19/30 MP: 3/3
   563 | D        | Noticed a bullfrog
   574 | D        | Killed a bullfrog
   575 | D        | Reached skill level 5 in Fighting
   575 | D        | Reached XP level 4. HP: 37/39 MP: 3/5
   575 | D        | Reached XP level 5. HP: 41/44 MP: 3/6
   607 | D        | Reached * piety under Okawaru
   623 | D        | Reached XP level 6. HP: 17/53 MP: 8/8
   858 | D        | Reached skill level 5 in Long Blades
   962 | D        | Noticed a water moccasin
   970 | D        | Killed a water moccasin
   971 | D        | Reached skill level 5 in Invocations
   971 | D        | Reached XP level 7. HP: 60/60 MP: 7/10
   973 | D        | Noticed a merfolk siren
   981 | D        | Killed a merfolk siren
   981 | D        | Reached ** piety under Okawaru
   982 | D        | Reached skill level 10 in Polearms
   982 | D        | Reached skill level 5 in Armour
   982 | D        | Reached skill level 10 in Dodging
   996 | D        | Reached XP level 8. HP: 66/69 MP: 9/13
  1016 | D        | Noticed a death yak
  1022 | D        | Reached *** piety under Okawaru
  1042 | D        | Killed a death yak
  1042 | D        | Noticed Prince Ribbit
  1043 | D        | Reached XP level 9. HP: 35/78 MP: 12/15
  1073 | D        | Killed Prince Ribbit
  1073 | D        | Reached **** piety under Okawaru
  1074 | D        | Reached skill level 10 in Fighting
  1516 | D        | Noticed Josephine
  1535 | D        | Killed Josephine
  1536 | D        | Reached skill level 10 in Long Blades
  1561 | D        | Reached XP level 10. HP: 47/87 MP: 16/16
  1837 | D        | Noticed an orange demon
  1837 | D        | Noticed a death knight
  1837 | D        | Noticed a death yak
  1853 | D        | Killed a death yak
  1853 | D        | Reached ***** piety under Okawaru
  1861 | D        | Killed a death knight
  1862 | D        | HP: 5/133 [poisoned by an orange demon]
  1864 | D        | HP: 2/133 [poisoned by an orange demon]
  1866 | D        | Killed an orange demon
  1866 | D        | Succumbed to an orange demon's poison

Illustrated notes

Levels and vault maps discovered:
D:        pitsprint [storerooms_1, entrance_room_1, metal_vault_6, armoury_2,
          mini_pit_1, grid_room_1, main_hall_1, silver_pit, the_coven_1,
          the_vestibule_1, steel_vault_4, golden_pit, hallway_of_sentries,
          crystal_vault_2, iron_vault_1, final_vault]

Skill      XL: |  1  2  3  4  5  6  7  8  9 10 |
---------------+-------------------------------+-----
Fighting       | 3 5 6 7 8 9 11 | 11.8
Armour         | 1 2 3 4 5 6 7 |  7.9
Polearms       | 5 7 8 9 10 11 13 14 | 14.0
Dodging        | 5 7 8 9 10 11 13 14 | 14.0
Long Blades    | 2 4 5 7 8 10 11 | 11.5
Invocations    | 2 3 5 6 8 |  8.7
Throwing       | |  2.0

Action                   |  1- 3 |  4- 6 |  7- 9 | 10-12 || total
-------------------------+-------+-------+-------+-------++-------
Melee: Trident           |    40 |    50 |    66 |       ||   156
       Punch             |       |     1 |     2 |       ||     3
       Halberd           |       |       |    42 |    24 ||    66
Throw: Throwing net      |       |       |     1 |       ||     1
       Javelin           |       |       |     1 |       ||     1
Invok: Heroism           |       |     1 |     2 |     1 ||     4
  Use: Potion            |       |       |       |     1 ||     1
 Stab: Sleeping          |     1 |       |       |       ||     1
       Held in net/web   |       |       |     1 |       ||     1
Armor: Leather armour    |     8 |       |       |       ||     8
       Chain mail        |     3 |    36 |    38 |     4 ||    81
Dodge: Dodged            |    25 |    19 |    60 |    16 ||   120

Table legend: (Time is in decaauts)
 A = Elapsed time spent in this place.
 B = Non-inter-level travel time spent in this place.
 C = Inter-level travel time spent in this place.
 D = Time resting spent in this place.
 E = Time spent auto-exploring this place.
 F = Levels seen in this place.
 G = Mean time per level.
                   A        B        C        D        E       F      G
               +--------+--------+--------+--------+--------+-----+--------+
         Total |   1826 |   1758 |     68 |   1227 |      0 |   1 | 1826.0 |
       Dungeon |   1826 |   1758 |     68 |   1227 |      0 |   1 | 1826.0 |
               +--------+--------+--------+--------+--------+-----+--------+

Top non-repeatable levels by time:
       D: 1826 daAuts
